 Dungeon Crawl Stone Soup version 0.29.1-12-g30fa7ad0bf (webtiles) character file.

Game seed: 10606668273743692891

92 MisterKurot the Ruffian (level 4, -6/42 HPs)
             Began as a Troll Gladiator on Dec 30, 2022.
             Splashed by a jelly's acid (8 damage)
             ... on level 3 of the Dungeon.
             The game lasted 00:03:50 (705 turns).

MisterKurot the Ruffian (Troll Gladiator)            Turns: 705, Time: 00:04:05

Health: -6/42      AC:  0    Str: 22    XL:     4   Next: 35%
Magic:  3/3        EV: 10    Int:  6    God:
Gold:   87         SH:  0    Dex: 11    Spells: 3/3 levels left

rFire   . . .      SeeInvis .     - Unarmed
rCold   . . .      Faith    .   (no shield)
rNeg    . . .      Spirit   .   a - +0 robe
rPois   .          Reflect  .   b - +0 hat
rElec   .          Harm     .   (no cloak)
rCorr   .          Rampage  .   (gloves unavailable)
Will    .....                   (boots unavailable)
Stlth   +.........              (no amulet)
HPRegen 0.94/turn               (no ring)
MPRegen 0.08/turn               (no ring)

@: mighty, corroded
A: large, unfitting armour, claws 3, regeneration 1, shaggy fur 1, tough skin 1
a: no special abilities


You were on level 3 of the Dungeon.
You visited 1 branch of the dungeon, and saw 4 of its levels.

You collected 87 gold pieces.

Inventory:

Missiles
 c - a throwing net (quivered)
 d - a large rock
Armour
 a - a +0 robe (worn)
 b - a +0 hat (worn)
Wands
 n - a wand of charming (9)
Scrolls
 g - 2 scrolls of butterflies {unknown}
 i - a scroll of teleportation
 j - a scroll of noise
 k - a scroll of fear {unknown}
Potions
 e - a potion of invisibility {unknown}
 f - a potion of mutation {unknown}
 h - a potion of might
 l - 2 potions of curing {unknown}
 m - a potion of flight {unknown}


   Skills:
 * Level 1.9 Fighting
 * Level 2.0 Throwing
 * Level 0.5 Armour
 * Level 3.0 Dodging
 * Level 0.3 Stealth
 * Level 4.0 Unarmed Combat
 * Level 0.2 Evocations


You had 3 spell levels left.
You didn't know any spells.
Your spell library was empty.

Dungeon Overview and Level Annotations

Branches:
Dungeon (4/15)
 Temple: D:4-7

Altars:

Annotations:
D:4 Dowan


Innate Abilities, Weirdness & Mutations

You are too large for most types of armour.
You have claws for hands.
Your natural rate of healing is unusually fast.
You are covered in fur. (AC +1)
You have tough skin. (AC +1)


Message History

The jelly closely misses you.
The jelly quivers.
Aiming: Charm
Press: ? - help, Shift-Dir - straight line, f - jelly
Aim: a jelly (chance to affect: 57%)
The jelly resists with significant effort.
The orc shouts!
You hear a shout! x2
The jelly closely misses you. The jelly hits you.
You are splashed with acid.
Unknown command.
Aiming: Charm
Press: ? - help, Shift-Dir - straight line, f/p - jelly
Aim: a jelly (chance to affect: 57%)
The jelly resists with significant effort.
The jelly hits you but does no damage. The jelly hits you.
The acid corrodes you!
You are splashed with acid.
Dowan, Brother of Duvessa comes into view.
He is wielding a +0 dagger.
An orc wizard comes into view. It is wielding a +0 dagger.
There is a stone staircase leading up here.
Dowan shouts!
The jelly barely misses you. The jelly hits you.
You are splashed with acid!
You climb upwards.
There is a stone staircase leading down here.
The jelly attacks as you move away! The jelly hits you.
You are splashed with acid!
* * * LOW HITPOINT WARNING * * *
Found a chain mail.
The jelly attacks as you move away! The jelly hits you.
* * * LOW HITPOINT WARNING * * *
You are splashed with acid.
* * * LOW HITPOINT WARNING * * *
It was a potion of might.
You feel very mighty all of a sudden. The jelly completely misses you.
You claw the jelly!
Your claws burn!
* * * LOW HITPOINT WARNING * * *
The jelly is severely wounded.
The jelly hits you.
* * * LOW HITPOINT WARNING * * *
You are splashed with acid!
You die...

## .# #.. .# #.# .# #.#
## .#########.###.#
###### ............#.#
.....# .......###...#
.....# ............##
##..[..#
.......##...>###@.....#
.####..#....#.#J#.....#
.......#.)....J########
..####...†..#### ..#
####.### .## #.# .# #.#
.# #.# .##### #..


You could see 2 jellies.

Vanquished Creatures
  A scorpion (D:3)
  An adder (D:2)
  2 dart slugs (D:1)
  A giant cockroach (D:3)
  A goblin (D:1)
  A hobgoblin (D:1)
  5 jackals (D:2)
  A ball python (D:2)
  A bat (D:2)
  2 kobolds
  3 rats
19 creatures vanquished.

Notes
Turn   | Place    | Note
-------+----------+-------------------------------------------
     0 | D:1      | MisterKurot the Troll Gladiator began the quest for the
                  | Orb.
     0 | D:1      | Reached XP level 1. HP: 19/19 MP: 0/0
   272 | D:1      | Reached XP level 2. HP: 27/27 MP: 1/1
   524 | D:2      | Reached XP level 3. HP: 34/35 MP: 2/2
   678 | D:3      | Noticed a scorpion
   684 | D:3      | Killed a scorpion
   685 | D:3      | Reached skill level 4 in Unarmed Combat
   685 | D:3      | Reached XP level 4. HP: 42/42 MP: 3/3
   696 | D:4      | Noticed Dowan
   705 | D:3      | HP: 2/42 [acid (5)]
   705 | D:3      | Splashed by a jelly's acid

Illustrated notes

Levels and vault maps discovered:
D:1:      shiori_arrival_elements, layout_rooms
D:2:      layout_basic
D:3:      layout_loops_cross, nicolae_titane
D:4:      layout_rooms, uniq_duvessa, uniq_ijyb

Skill      XL: |  1  2  3 |
---------------+----------+-----
Throwing       | 2 |  2.0
Dodging        | 3 |  3.0
Unarmed Combat | 4 |  4.0
Fighting       | |  1.9
Armour         | |  0.5
Stealth        | |  0.3
Evocations     | |  0.2

Action                   |  1- 3 |  4- 6 || total
-------------------------+-------+-------++-------
Melee: Unarmed           |    55 |     1 ||    56
       Punch             |     1 |       ||     1
Throw: Throwing net      |     3 |       ||     3
Evoke: Wand              |       |     2 ||     2
  Use: Scroll            |     2 |       ||     2
       Potion            |       |     1 ||     1
Armor: Robe              |    14 |     1 ||    15
Dodge: Dodged            |    22 |     4 ||    26
